 Dungeon Crawl Stone Soup version 0.25.1-2-g60ff931df9 (webtiles) character file.

Game seed: 15985229651159653100

12 Curus the Unweaver (level 2, -3/24 HPs)
             Began as a Demonspawn Abyssal Knight on Oct 17, 2020.
             Was a Follower of Lugonu.
             Slain by a kobold
             ... wielding a +0 whip
              (4 damage)
             ... on level 1 of the Dungeon.
             The game lasted 00:02:55 (616 turns).

Curus the Unweaver (Demonspawn Abyssal Knight)       Turns: 616, Time: 00:02:56

Health: -3/24      AC:  3    Str: 11 (12) XL:     2   Next: 20%
Magic:  0/4        EV: 11    Int: 12 (13) God:    Lugonu [*.....]
Gold:   99         SH:  0    Dex:  9 (12) Spells: 1/1 levels left

rFire    . . .     SeeInvis .   a - +1 mace
rCold    . . .     Gourm    .   (no shield)
rNeg     . . .     Faith    .   b - +0 leather armour
rPois    .         Spirit   +   (no helmet)
rElec    .         Reflect  .   (no cloak)
rCorr    .         Harm     .   (no gloves)
MR       .....                  (no boots)
Stlth    +.........             (no amulet)
HPRegen  0.08/turn              (no ring)
MPRegen  0.09/turn              (no ring)

@: no status effects
A: magic shield
a: Depart the Abyss, Renounce Religion


You were on level 1 of the Dungeon.
You worshipped Lugonu.
Lugonu was aware of your devotion.
You were not hungry.

You visited 1 branch of the dungeon, and saw 1 of its levels.
You visited the Abyss 1 time.

You collected 99 gold pieces.

Inventory:

Hand Weapons
 a - a +1 mace (weapon)
Armour
 b - a +0 leather armour (worn)
 h - a +0 buckler
Scrolls
 f - 2 scrolls of fog
Potions
 d - a potion of degeneration
 e - a potion of curing
Comestibles
 c - 3 rations
 g - a chunk of flesh


   Skills:
 - Level 3.0 Fighting
 + Level 2.2 Maces & Flails
 - Level 1.7 Armour
 - Level 0.8 Dodging
 + Level 3.1 Invocations


You had one spell level left.
You didn't know any spells.
Your spell library was empty.

Dungeon Overview and Level Annotations

Branches:
Dungeon (1/15)

Altars:


Innate Abilities, Weirdness & Mutations

When hurt, damage is shared between your health and your magic reserves.


Message History

The kobold hits you with a +0 whip.
* * * LOW HITPOINT WARNING * * *
You barely miss the bat.
The bat is moderately wounded.
The bat hits you. x2
* * * LOW HITPOINT WARNING * * *
The kobold closely misses you. The bat hits you but does no damage.
The kobold barely misses you.
You closely miss the bat.
The bat is moderately wounded.
The bat hits you but does no damage. The kobold hits you.
* * * LOW HITPOINT WARNING * * *
You hit the kobold.
The kobold is severely wounded.
The bat barely misses you. The kobold misses you.
The kobold closely misses you.
You barely miss the kobold.
The kobold is severely wounded.
The bat barely misses you. The kobold hits you with a +0 whip.
You die...

#..# ..... ##..#.#.#
##......... #...#.#!#.#.#
# #............ ...
.#####..#.#.#.#.# ..
.......@b.......
###.#####..#K#K#.#.#.#.#
..#..# ##.....(†.......
#.##.# ##...#(#)#.#.#.
#.##.######.>....?.....
####.##......#...(#.#.#.#.
...#...........###........
..............†.#
.#.#.#.#.
..........................


You could see a bat and 2 kobolds.

Vanquished Creatures
  A dart slug (D:1)
  3 goblins (D:1)
  A ball python (D:1)
  4 frilled lizards (D:1)
  3 kobolds (D:1)
12 creatures vanquished.

Notes
Turn   | Place    | Note
-------+----------+-------------------------------------------
     0 | Abyss:1  | Curus the Demonspawn Abyssal Knight began the quest for the
                  | Orb.
     0 | Abyss:1  | Reached XP level 1. HP: 18/18 MP: 2/2
    88 | Abyss:1  | Found a corrupted altar of Lugonu.
   126 | Abyss:1  | Noticed a large abomination
   151 | Abyss:1  | Noticed an ancient zyme
   151 | Abyss:1  | Noticed a spatial vortex
   153 | D:1      | Escaped the Abyss
   571 | D:1      | Gained mutation: When hurt, damage is shared between your
                  | health and your magic reserves. [demonic ancestry]
   571 | D:1      | Reached XP level 2. HP: 20/24 MP: 2/4
   600 | D:1      | Reached * piety under Lugonu
   614 | D:1      | HP: 1/24 [kobold (2)]
   616 | D:1      | Slain by a kobold

Illustrated notes

Levels and vault maps discovered:
D:1:      dpeg_arrival_pond, layout_rooms, hex_large

Skill      XL: |  1 |
---------------+----+-----
Maces & Flails | 2 |  2.2
Invocations    | 3 |  3.1
Fighting       | |  3.0
Armour         | |  1.7
Dodging        | |  0.8

Action                   || total
-------------------------++-------
Melee: Mace              ||    43
Invok: Depart the Abyss  ||     1
  Use: Potion            ||     5
       Scroll            ||     2
Armor: Leather armour    ||    27
Dodge: Dodged            ||    45
